[Event "Titled Tuesday Blitz November 29 Late 2022"]
[White "Preotu, Razvan"]
[Black "Khater, Sherif"]
[WhiteFideId "2613280"]
[BlackFideId "2034280"]
[WhiteElo "2407"]
[BlackElo "2528"]
[Result "1-0"]
[Round "06"]
[TimeControl "180+1"]
[Date "2022.11.30"]
[WhiteClock "0:00:04"]
[BlackClock "0:00:23"]

1. e4 e5 2. Nf3 Nf6 3. d4 Nxe4 4. Bd3 d5 5. Nxe5 Nd7 6. Nxd7 Bxd7 7. O-O Be7 8. Nc3 Nxc3 9. bxc3 Be6 10. f4 g6 11. Rb1 Qc8 12. f5 gxf5 13. Qh5 Qd7 14. Rxb7 O-O-O 15. Ba6 Qa4 16. Qe2 Rd6 17. Rxa7+ Kb8 18. Rb7+ Ka8 19. Rxc7 Qxa6 20. Qxa6+ Rxa6 21. Rxe7 Rxa2 22. Bf4 Rc8 23. Rb1 Ra7 24. Rxa7+ Kxa7 25. Rb3 Rc6 26. Kf2 Ra6 27. Rb2 Ra3 28. Bd2 Ra1 29. Kg3 Rd1 30. Bf4 Re1 31. Kf2 Ra1 32. h4 Rd1 33. h5 Ra1 34. h6 Rd1 35. Kg3 Rf1 36. Be3 Re1 37. Kf4 Re2 38. g3 Ka8 39. Rb6 Rxc2 40. Rd6 Rxc3 41. Rd8+ Kb7 42. Rh8 Rc8 43. Rxh7 Rg8 44. Rg7 Rxg7 45. hxg7 f6 46. g8=Q Bxg8 47. Kxf5 Kc6 48. Kxf6 Kd7 49. g4 Bh7 50. Bh6 Ke8 51. g5 Bg8 52. g6 Kd7 53. Kg7 Be6 54. Kf8 Kc6 55. g7 Kb5 56. Bf4 Bg8 57. Be5 Be6 58. g8=Q 1-0


[Site "https://www.chess.com"]

[Event "Titled Tuesday Blitz November 29 Late 2022"]
[White "Putnam, Liam"]
[Black "Salman, Pavel"]
[WhiteFideId "30938279"]
[BlackFideId "24153753"]
[WhiteElo "2082"]
[BlackElo "2187"]
[Result "1-0"]
[Round "06"]
[TimeControl "180+1"]
[Date "2022.11.30"]
[WhiteClock "0:00:09"]
[BlackClock "0:00:04"]

1. e4 c5 2. Nc3 e6 3. f4 a6 4. Nf3 Qc7 5. d4 cxd4 6. Nxd4 Nc6 7. Be3 Bb4 8. a3 Bxc3+ 9. bxc3 Nf6 10. Bd3 d5 11. e5 Ne4 12. O-O Nxc3 13. Qh5 g6 14. Qh6 Bd7 15. Qg7 O-O-O 16. Nxc6 Bxc6 17. Bc5 d4 18. Bd6 Qd7 19. Qf6 Nd5 20. Qh4 Ne3 21. Rfb1 Nxg2 22. Qf2 Ne3 23. Bxa6 g5 24. fxg5 Rhg8 25. h4 h6 26. Rxb7 Bxb7 27. Rb1 hxg5 28. h5 Nf5 29. Qf3 Nxd6 30. exd6 g4 31. Qg2 d3 32. Bxb7+ Kb8 33. Bc6+ Ka7 34. Qf2+ Ka6 35. Qb6# 1-0


[Site "https://www.chess.com"]

[Event "Titled Tuesday Blitz November 29 Late 2022"]
[White "Qashashvili, Alexandre"]
[Black "Gonzalez, Francisco Silva"]
[WhiteFideId "13600842"]
[BlackFideId "1512285"]
[WhiteElo "2405"]
[BlackElo "2159"]
[Result "0-1"]
[Round "06"]
[TimeControl "180+1"]
[Date "2022.11.30"]
[WhiteClock "0:02:12"]
[BlackClock "0:02:03"]

1. e4 e5 2. Nc3 Nf6 3. Nf3 Nc6 4. d4 Bb4 5. d5 Ne7 6. Bd3 Ng6 7. Bg5 h6 8. Bxf6 Qxf6 9. h3 a6 10. Qd2 d6 11. a3 Ba5 12. b4 Bb6 13. Ne2 Bd7 14. c4 Nh4 15. Nxh4 Bxf2+ 16. Kd1 Qxh4 17. Rf1 Ba4+ 18. Bc2 Bxc2+ 19. Qxc2 O-O 20. Nf4 Bd4 21. Ne2 Bxa1 0-1


[Site "https://www.chess.com"]

[Event "Titled Tuesday Blitz November 29 Late 2022"]
[White "Radjabov, Teimour"]
[Black "Czopor, Maciej"]
[WhiteFideId "13400924"]
[BlackFideId "21805431"]
[WhiteElo "2709"]
[BlackElo "2324"]
[Result "1-0"]
[Round "06"]
[TimeControl "180+1"]
[Date "2022.11.30"]
[WhiteClock "0:01:58"]
[BlackClock "0:00:53"]

1. d4 Nf6 2. c4 g6 3. Nc3 Bg7 4. h4 d6 5. Nf3 O-O 6. Bg5 c5 7. d5 h6 8. Bf4 e5 9. dxe6 Bxe6 10. e3 Nc6 11. Be2 Qa5 12. O-O Rad8 13. Qb3 Qb4 14. Rfd1 Na5 15. Qxb4 cxb4 16. Nd5 Nxd5 17. cxd5 Bf5 18. Nd4 Be4 19. Rac1 Bxd5 20. b3 Nc6 21. Nb5 Be6 22. Bxd6 a6 23. Bxf8 Rxf8 24. Nc7 Bc8 25. Nd5 Re8 26. Bf3 Ne5 27. Rxc8 1-0


[Site "https://www.chess.com"]

[Event "Titled Tuesday Blitz November 29 Late 2022"]
[White "Radovanovic, Dusan"]
[Black "Poliakova, Varvara"]
[WhiteFideId "926868"]
[BlackFideId "13518313"]
[WhiteElo "2341"]
[BlackElo "2099"]
[Result "0-1"]
[Round "06"]
[TimeControl "180+1"]
[Date "2022.11.30"]
[WhiteClock "0:00:23"]
[BlackClock "0:01:39"]

1. e4 e5 2. Nf3 Nc6 3. Nc3 Nf6 4. Bb5 Nd4 5. Nxe5 Nxb5 6. Nxb5 c6 7. Nc3 d5 8. exd5 Nxd5 9. Nxd5 Qxd5 10. O-O Be6 11. d4 O-O-O 12. Be3 f6 13. Nd3 Bd6 14. b3 h5 15. c4 Qf5 16. Rc1 h4 17. d5 Bd7 18. c5 Be5 19. Nxe5 fxe5 20. b4 h3 21. Qf3 hxg2 22. Qxg2 Qh5 23. Rfd1 Bh3 24. Qg3 Bg4 25. Rd2 cxd5 26. c6 b6 27. Bxb6 axb6 28. Qa3 Qxh2+ 0-1


[Site "https://www.chess.com"]

[Event "Titled Tuesday Blitz November 29 Late 2022"]
[White "Remizov, Yaroslav"]
[Black "Caruana, Fabiano"]
[WhiteFideId "34134015"]
[BlackFideId "2020009"]
[WhiteElo "2414"]
[BlackElo "2847"]
[Result "1-0"]
[Round "06"]
[TimeControl "180+1"]
[Date "2022.11.30"]
[WhiteClock "0:00:04"]
[BlackClock "0:00:23"]

1. e4 c5 2. Nf3 e6 3. d4 cxd4 4. Nxd4 a6 5. Qe2 Qc7 6. c4 Bc5 7. Nb3 Bb4+ 8. Bd2 Bxd2+ 9. N1xd2 d6 10. O-O-O Nf6 11. Kb1 e5 12. Rg1 Be6 13. g4 a5 14. g5 Nfd7 15. Nc1 Nc6 16. Nf3 a4 17. Qd2 Nc5 18. Qe3 O-O 19. h4 Na5 20. Nd2 Nc6 21. h5 Nd4 22. f4 b5 23. f5 Bxc4 24. Nxc4 bxc4 25. g6 Qb7 26. f6 fxg6 27. Bxc4+ Kh8 28. Bd5 Qa7 29. fxg7+ Qxg7 30. hxg6 Rf3 31. Qd2 Rb8 32. gxh7 Rg3 33. Qf2 Rxg1 34. Rxg1 Rf8 35. Qxf8+ Qxf8 36. Rg8+ Kxh7 37. Rxf8 Kg6 38. Rd8 Kg5 39. Rxd6 Kf4 40. Rf6+ Ke3 41. Rf1 Nb5 42. Rh1 a3 43. Rh3+ Kf4 44. Rxa3 Nxa3+ 45. bxa3 Ke3 46. Kc2 Na4 47. Kb3 Nc5+ 48. Kc4 Na4 49. Kb4 Nb2 50. a4 1-0


[Site "https://www.chess.com"]

[Event "Titled Tuesday Blitz November 29 Late 2022"]
[White "Richter, Paul"]
[Black "Fedoseev, Vladimir"]
[WhiteFideId "2046350"]
[BlackFideId "24130737"]
[WhiteElo "2579"]
[BlackElo "2726"]
[Result "0-1"]
[Round "06"]
[TimeControl "180+1"]
[Date "2022.11.30"]
[WhiteClock "0:00:03"]
[BlackClock "0:02:07"]

1. e4 c5 2. Nf3 d6 3. d4 cxd4 4. Nxd4 Nf6 5. Nc3 a6 6. Be2 g6 7. g4 Bg7 8. g5 Nfd7 9. h4 Nc6 10. Be3 Nde5 11. f4 Ng4 12. Bxg4 Bxg4 13. Qxg4 Nxd4 14. O-O-O Nb5 15. Nd5 Qa5 16. c3 Qxa2 17. e5 e6 18. Nb6 Rd8 19. h5 d5 20. hxg6 hxg6 21. Rxh8+ Bxh8 22. Qh3 Bg7 23. Qh7 Bf8 24. Qg8 d4 25. Rxd4 Nxd4 26. Bxd4 Qa1+ 27. Kc2 Qf1 28. Bc5 Qd1# 0-1


[Site "https://www.chess.com"]

[Event "Titled Tuesday Blitz November 29 Late 2022"]
[White "Rodriguez Fontecha, Marcos"]
[Black "Nasuta, Grzegorz"]
[WhiteFideId "2256576"]
[BlackFideId "1141686"]
[WhiteElo "2263"]
[BlackElo "2440"]
[Result "0-1"]
[Round "06"]
[TimeControl "180+1"]
[Date "2022.11.30"]
[WhiteClock "0:00:06"]
[BlackClock "0:00:10"]

1. Nf3 Nf6 2. d4 d5 3. g3 Bf5 4. Bg2 e6 5. c4 c6 6. Qb3 Qb6 7. c5 Qxb3 8. axb3 Be7 9. b4 O-O 10. Nbd2 Na6 11. b5 cxb5 12. O-O Nb4 13. Nb3 Nc6 14. Na5 Nxa5 15. Rxa5 a6 16. Bf4 Nd7 17. c6 bxc6 18. Rfa1 Nb8 19. Bxb8 Rfxb8 20. Rxa6 Rxa6 21. Rxa6 c5 22. Ne5 Rc8 23. Ra7 Bf6 24. Nxf7 cxd4 25. h3 Rc6 26. g4 Bg6 27. Nh8 Rc8 28. Nxg6 hxg6 29. Rb7 Rc2 30. Rxb5 Rxe2 31. Bf1 Rd2 32. Rb8+ Kf7 33. b4 d3 34. Kg2 Bd4 35. Kg3 Rd1 36. Rb7+ Kg8 37. Bg2 d2 38. Bf3 Rb1 39. Re7 Rb3 0-1


[Site "https://www.chess.com"]

[Event "Titled Tuesday Blitz November 29 Late 2022"]
[White "Rodriguez Santiago, Jaime"]
[Black "Vargas Pereda, Jesus Manue"]
[WhiteFideId "3100898"]
[BlackFideId "5115710"]
[WhiteElo "2025"]
[BlackElo "1950"]
[Result "1-0"]
[Round "06"]
[TimeControl "180+1"]
[Date "2022.11.30"]
[WhiteClock "0:00:34"]
[BlackClock "0:00:18"]

1. c4 c5 2. Nc3 Nc6 3. g3 g6 4. Bg2 Bg7 5. e4 e5 6. Nge2 Nge7 7. d3 d6 8. Be3 O-O 9. O-O Rb8 10. a4 a6 11. Rb1 f5 12. f4 Nd4 13. fxe5 dxe5 14. Bg5 Qc7 15. Bxe7 Qxe7 16. Nd5 Qg5 17. Nxd4 exd4 18. b4 cxb4 19. Rxb4 Be6 20. exf5 Rxf5 21. Rxf5 Bxf5 22. Rb3 h6 23. Qe1 Kh7 24. h3 Bd7 25. Kh2 Bxa4 26. Rb6 Bc6 27. Qe7 Re8 28. Qxg5 hxg5 29. Rb2 Re1 30. Be4 a5 31. Kg2 a4 32. Ra2 Rb1 33. h4 Be5 34. h5 Kg7 35. hxg6 Re1 36. Rf2 Bxd5 37. cxd5 Re3 38. Rf7+ Kg8 39. Rxb7 Rxg3+ 40. Kf2 Re3 41. Bf5 a3 42. Ra7 Bd6 43. Be6+ Rxe6 44. dxe6 g4 45. e7 Bxe7 46. Rxe7 a2 47. Ra7 a1=Q 48. Rxa1 Kg7 49. Ra6 g3+ 50. Kxg3 1-0


[Site "https://www.chess.com"]

[Event "Titled Tuesday Blitz November 29 Late 2022"]
[White "Romero Ruscalleda, Josep"]
[Black "Aguilar, Juan"]
[WhiteFideId "2231859"]
[BlackFideId "3800091"]
[WhiteElo "2183"]
[BlackElo "2523"]
[Result "0-1"]
[Round "06"]
[TimeControl "180+1"]
[Date "2022.11.30"]
[WhiteClock "0:00:11"]
[BlackClock "0:00:04"]

1. e4 c5 2. c3 d5 3. exd5 Qxd5 4. d4 g6 5. Nf3 Bg7 6. dxc5 Qxd1+ 7. Kxd1 Nf6 8. Bd3 O-O 9. h3 Rd8 10. Kc2 Na6 11. Be3 Nd5 12. Bxa6 Nxe3+ 13. fxe3 bxa6 14. Na3 Bf5+ 15. Kc1 Rac8 16. Nd4 Be4 17. Nf3 Rxc5 18. Rd1 Rcd5 19. Rxd5 Rxd5 20. Nc4 Bh6 21. b3 Rd3 22. Kb2 Bg7 23. Nd4 e5 24. Nf3 Bxf3 25. gxf3 e4 26. Rc1 exf3 27. e4 f2 28. e5 Rxh3 29. Rf1 Rf3 30. Kc2 g5 31. Nd2 Rf4 32. Kd3 g4 33. Ne4 Bxe5 34. Rxf2 Rxf2 35. Nxf2 f5 36. c4 h5 37. Ke3 h4 38. Nd3 Bc7 39. c5 h3 40. Kf2 g3+ 41. Kf3 Kf7 42. b4 Ke6 43. a4 Kd5 44. Nb2 Kd4 45. c6 Kc3 46. Nd1+ Kxb4 47. Ne3 g2 48. Kf2 Bb6 49. c7 Bxe3+ 50. Kf3 g1=Q 51. c8=Q Qf2# 0-1


[Site "https://www.chess.com"]

[Event "Titled Tuesday Blitz November 29 Late 2022"]
[White "Sabar, Ethmane Daouda"]
[Black "D`Arruda, Ricardo D."]
[WhiteFideId "19600097"]
[BlackFideId "100692"]
[WhiteElo "1950"]
[BlackElo "2456"]
[Result "0-1"]
[Round "06"]
[TimeControl "180+1"]
[Date "2022.11.30"]
[WhiteClock "0:00:51"]
[BlackClock "0:00:52"]

1. d4 Nf6 2. Nc3 d5 3. Bf4 c6 4. f3 Bf5 5. g4 Bg6 6. h4 h6 7. e3 Nbd7 8. h5 Bh7 9. Bd3 Bxd3 10. Qxd3 e6 11. Nh3 Be7 12. O-O-O Qa5 13. Kb1 O-O-O 14. e4 dxe4 15. Nxe4 Nb6 16. c4 c5 17. Nxf6 Bxf6 18. d5 exd5 19. Qf5+ Rd7 20. cxd5 c4 21. g5 hxg5 22. Nxg5 Qb5 23. Rh2 Rxh5 24. Rc2 Bxg5 25. Bxg5 f6 26. Qe6 Rxg5 27. Qe8+ Kc7 28. d6+ Kc6 29. Rxc4+ Qxc4 30. Qc8+ Nxc8 0-1


[Site "https://www.chess.com"]

[Event "Titled Tuesday Blitz November 29 Late 2022"]
[White "Sanchez, Robert"]
[Black "Urbina Perez, Juan Antonio"]
[WhiteFideId "2034360"]
[BlackFideId "2217368"]
[WhiteElo "2322"]
[BlackElo "2197"]
[Result "0-1"]
[Round "06"]
[TimeControl "180+1"]
[Date "2022.11.30"]
[WhiteClock "0:00:58"]
[BlackClock "0:02:01"]

1. e4 c5 2. Nf3 e6 3. d4 cxd4 4. Nxd4 Bc5 5. Nb3 Bb6 6. Nc3 Ne7 7. Qe2 O-O 8. Be3 f5 9. O-O-O Nbc6 10. f3 fxe4 11. Nxe4 d5 12. Nec5 Nf5 13. Bf2 a5 14. Nxe6 Bxe6 15. Qxe6+ Kh8 16. Bxb6 Qxb6 17. Rxd5 a4 18. Rxf5 Rfe8 19. Rb5 Qf2 20. Qxe8+ Rxe8 0-1


[Site "https://www.chess.com"]

[Event "Titled Tuesday Blitz November 29 Late 2022"]
[White "Sariego Figueredo, Wilfredo"]
[Black "Bogaudinov, Rushan"]
[WhiteFideId "3500080"]
[BlackFideId "4129288"]
[WhiteElo "2309"]
[BlackElo "1997"]
[Result "1-0"]
[Round "06"]
[TimeControl "180+1"]
[Date "2022.11.30"]
[WhiteClock "0:00:40"]
[BlackClock "0:00:28"]

1. d4 d5 2. Bf4 c6 3. e3 Bf5 4. Bd3 e6 5. c3 Nf6 6. Bxf5 exf5 7. Nf3 Nbd7 8. h3 Be7 9. Nbd2 O-O 10. O-O Ne4 11. Qc2 h6 12. Ne5 Nxe5 13. Bxe5 g6 14. Nxe4 fxe4 15. Bf4 g5 16. Bh2 f5 17. f3 Bd6 18. Bxd6 Qxd6 19. fxe4 fxe4 20. Rxf8+ Rxf8 21. Rf1 Rxf1+ 22. Kxf1 Qh2 23. Qa4 Qh1+ 24. Kf2 Qc1 25. Qxa7 Qxb2+ 26. Kg3 Qxc3 27. Qb8+ Kf7 28. Qxb7+ Kg6 29. Qd7 Qe1+ 30. Kh2 Qxe3 31. Qxc6+ Kg7 32. Qd7+ Kf6 33. Qd6+ Kg7 34. Qe5+ Kg6 35. Qe6+ Kg7 36. Qe7+ Kg8 37. Qe6+ Kg7 38. Qd7+ Kf6 39. Qd8+ Ke6 40. Qe8+ Kd6 41. Qd8+ Kc6 42. Qc8+ Kb6 43. Qc5+ Ka6 44. Qc6+ Ka5 45. Qxd5+ Kb4 46. Qd6+ Kc4 47. Qc5+ Kd3 48. a4 Qxd4 49. Qb5+ Qc4 50. Qd7+ Ke2 51. a5 e3 52. Qd6 Qf4+ 53. Qxf4 gxf4 54. a6 Kf2 55. a7 f3 56. a8=Q fxg2 57. Qxg2+ Ke1 1-0


[Site "https://www.chess.com"]

[Event "Titled Tuesday Blitz November 29 Late 2022"]
[White "Schuster, Karsten"]
[Black "Kovacevic, Radmila"]
[WhiteFideId "4611071"]
[BlackFideId "933171"]
[WhiteElo "2294"]
[BlackElo "2208"]
[Result "1-0"]
[Round "06"]
[TimeControl "180+1"]
[Date "2022.11.30"]
[WhiteClock "0:01:47"]
[BlackClock "0:01:21"]

1. d4 e5 2. dxe5 Nc6 3. Nf3 Qe7 4. c3 Nxe5 5. Nxe5 Qxe5 6. Nd2 Nf6 7. Nf3 Qh5 8. Bf4 d6 9. e3 h6 10. Be2 Bg4 11. h3 g5 12. Bh2 Bd7 13. Ne5 g4 14. Nxd7 Nxd7 15. Bxg4 Qg5 16. Bf4 Qg6 17. Bxd7+ Kxd7 18. Qa4+ c6 19. O-O-O Qxg2 20. Qd4 Qg7 21. Be5 c5 22. Qa4+ Kc7 23. Bxg7 Bxg7 24. Qf4 Be5 25. Qxf7+ Kb6 26. f4 1-0


[Site "https://www.chess.com"]

[Event "Titled Tuesday Blitz November 29 Late 2022"]
[White "Seletsky, Grigory"]
[Black "Tomaszewski, Kacper"]
[WhiteFideId "14112191"]
[BlackFideId "1127373"]
[WhiteElo "2492"]
[BlackElo "2211"]
[Result "1/2-1/2"]
[Round "06"]
[TimeControl "180+1"]
[Date "2022.11.30"]
[WhiteClock "0:00:25"]
[BlackClock "0:00:28"]

1. e4 c5 2. Nf3 Nc6 3. Bb5 e6 4. Bxc6 bxc6 5. d3 Ne7 6. h4 d5 7. h5 c4 8. dxc4 dxe4 9. Qxd8+ Kxd8 10. Ng5 Ke8 11. Nxe4 Nf5 12. Be3 Nxe3 13. fxe3 f5 14. Ned2 Kf7 15. Nc3 Be7 16. Rd1 Bf6 17. Ndb1 Ba6 18. b3 Rhd8 19. Ke2 h6 20. Kf3 c5 21. Rxd8 Rxd8 22. Rd1 Bb7+ 23. Kf2 Rxd1 24. Nxd1 Be4 25. Na3 Bh4+ 26. g3 Be7 27. Ke2 Kf6 28. Nf2 Bc6 29. g4 Kg5 30. gxf5 exf5 31. Nb5 a6 32. Nc7 Kxh5 33. Nd5 Bd6 34. e4 f4 35. Kf3 g5 36. Ng4 Kg6 37. Ne5+ Bxe5 38. Ne7+ Kf6 39. Nxc6 h5 40. b4 g4+ 41. Kf2 h4 42. Nxe5 Kxe5 43. b5 axb5 44. cxb5 h3 45. b6 g3+ 46. Ke2 Kxe4 47. b7 f3+ 48. Kd2 h2 49. b8=Q h1=Q 50. Qb7+ Kf4 51. Qc7+ Kg4 52. Qd7+ Kg5 53. Qe7+ Kg6 54. Qe6+ Kh7 55. Qf7+ Kh8 56. Qf8+ Kh7 57. Qf7+ Kh6 58. Qf6+ Kh7 59. Qf7+ 1/2-1/2


[Site "https://www.chess.com"]

[Event "Titled Tuesday Blitz November 29 Late 2022"]
[White "Sokolovsky, Yahli"]
[Black "Zeman, Matyas"]
[WhiteFideId "2820242"]
[BlackFideId "364398"]
[WhiteElo "2316"]
[BlackElo "2254"]
[Result "1-0"]
[Round "06"]
[TimeControl "180+1"]
[Date "2022.11.30"]
[WhiteClock "0:00:14"]
[BlackClock "0:00:05"]

1. b3 Nf6 2. Bb2 e6 3. e3 d5 4. Nf3 Be7 5. d4 O-O 6. Bd3 c5 7. Nbd2 cxd4 8. exd4 Nc6 9. a3 Bd6 10. O-O Ne7 11. Ne5 Ng6 12. f4 b6 13. Qe2 Bb7 14. g3 Re8 15. h4 Nf8 16. g4 Rc8 17. g5 Ne4 18. Nxe4 dxe4 19. Bxe4 Bxe5 20. fxe5 Bxe4 21. Qxe4 Qd5 22. Qf4 Re7 23. c4 Qb7 24. Qf3 Qxf3 25. Rxf3 Ng6 26. h5 Nh4 27. Rf4 Nf5 28. d5 Rd7 29. d6 Kf8 30. Rc1 Ke8 31. b4 Rc6 32. Kf2 Rd8 33. c5 b5 34. Rg1 Kd7 35. Kf3 Rcc8 36. Ke4 Kc6 37. g6 fxg6 38. hxg6 h6 39. Rxf5 exf5+ 40. Kxf5 Rf8+ 41. Ke4 Rce8 42. Bd4 Re6 43. Be3 h5 44. Bh6 gxh6 45. g7 Rg8 46. Kf5 Kd7 47. c6+ Kxc6 48. Kxe6 h4 49. Kf7 1-0


[Site "https://www.chess.com"]

[Event "Titled Tuesday Blitz November 29 Late 2022"]
[White "Suder, Jakub"]
[Black "Hansen, Eric"]
[WhiteFideId "1195310"]
[BlackFideId "2606771"]
[WhiteElo "2243"]
[BlackElo "2568"]
[Result "0-1"]
[Round "06"]
[TimeControl "180+1"]
[Date "2022.11.30"]
[WhiteClock "0:00:28"]
[BlackClock "0:01:29"]

1. d4 Nf6 2. c4 e6 3. Nc3 Bb4 4. f3 O-O 5. a3 Bxc3+ 6. bxc3 Nh5 7. Nh3 f5 8. Bg5 Qe8 9. e3 Nc6 10. Bd3 b6 11. O-O Ba6 12. Qe2 Na5 13. e4 f4 14. e5 d5 15. cxd5 Bxd3 16. Qxd3 exd5 17. Bh4 h6 18. Rae1 Qe6 19. Bf2 Nc4 20. a4 a6 21. Rb1 g5 22. Kh1 Ng7 23. Ng1 Qf5 24. Qe2 Ne6 25. g4 Qh7 26. Qa2 c6 27. Rb4 Qd3 28. Rc1 b5 29. Rbb1 h5 30. Rd1 Qh7 31. Qe2 hxg4 32. fxg4 f3 33. Nxf3 Nf4 34. Qe1 Qh3 35. Bg3 Qg2# 0-1


[Site "https://www.chess.com"]

[Event "Titled Tuesday Blitz November 29 Late 2022"]
[White "Svane, Frederik"]
[Black "Papasimakopoulos, Alexandros"]
[WhiteFideId "12923044"]
[BlackFideId "4244125"]
[WhiteElo "2466"]
[BlackElo "2365"]
[Result "1-0"]
[Round "06"]
[TimeControl "180+1"]
[Date "2022.11.30"]
[WhiteClock "0:00:04"]
[BlackClock "0:00:11"]

1. d4 e6 2. e4 d5 3. Nd2 Nf6 4. e5 Nfd7 5. f4 c5 6. c3 Nc6 7. Ndf3 cxd4 8. cxd4 a5 9. Bd3 a4 10. Ne2 a3 11. O-O g6 12. bxa3 Bxa3 13. g4 h5 14. h3 hxg4 15. hxg4 Nb6 16. Kg2 Bxc1 17. Qxc1 Nb4 18. Bb1 Nc4 19. a3 Qa5 20. Bxg6 fxg6 21. axb4 Qxa1 22. Qxa1 Ne3+ 23. Kg3 Rxa1 24. Rxa1 Kd7 25. Nc3 Kc6 26. Ra8 Nc2 27. b5+ Kc7 28. Nd1 Rh1 29. Nf2 Rb1 30. Nh4 Rb3+ 31. Kh2 Nxd4 32. Nxg6 Rxb5 33. Ne7 Bd7 34. g5 Rb2 35. Kg2 Ne2 36. Kf3 Nxf4 37. g6 Nxg6 38. Nxg6 Rb3+ 39. Kg4 b5 40. Nf4 Re3 41. N2d3 Bc8 42. Ra7+ Kb6 43. Ra8 Kb7 44. Ra1 Re4 45. Kg5 Kb6 46. Kf6 Re3 47. Rd1 Ka5 48. Nxe6 Bxe6 49. Kxe6 d4 50. Kd7 b4 51. e6 b3 52. e7 Kb5 53. e8=Q Rxe8 54. Kxe8 Kc4 55. Kd7 Kc3 56. Ne1 d3 57. Rxd3+ Kc4 58. Rd1 b2 59. Nf3 Kc3 60. Rf1 Kc2 61. Rf2+ Kc1 62. Nd2 Kc2 63. Kd6 Kd3 64. Kd5 b1=Q 65. Nxb1 Ke3 66. Ra2 1-0


[Site "https://www.chess.com"]

[Event "Titled Tuesday Blitz November 29 Late 2022"]
[White "Szyszylo, Rafal"]
[Black "Sailer, Mike"]
[WhiteFideId "1109626"]
[BlackFideId "2012901"]
[WhiteElo "1981"]
[BlackElo "2109"]
[Result "1-0"]
[Round "06"]
[TimeControl "180+1"]
[Date "2022.11.30"]
[WhiteClock "0:00:14"]
[BlackClock "0:00:02"]

1. e4 d5 2. exd5 Qxd5 3. Nf3 Bg4 4. Be2 Nc6 5. d4 O-O-O 6. c4 Qf5 7. d5 e6 8. Nc3 Bb4 9. O-O Bxc3 10. bxc3 exd5 11. cxd5 Qxd5 12. Qa4 Nf6 13. Be3 Qa5 14. Qf4 Rhe8 15. h3 Bxf3 16. Bxf3 Ne5 17. Be2 Kb8 18. a4 Ng6 19. Qf3 Qd5 20. Qg3 Ne4 21. Qh2 Nxc3 22. Bf3 Qd3 23. Rfe1 Ne5 24. Qf4 Nxf3+ 25. Qxf3 f6 26. a5 a6 27. Qg4 g5 28. Qh5 Qg6 29. Qf3 Nd5 30. Rab1 c6 31. Qg3+ Ka8 32. Bb6 Rxe1+ 33. Rxe1 Re8 34. Rc1 Nxb6 35. axb6 Qe4 36. Qc7 f5 37. Rd1 Qe7 38. Rd7 Qxd7 39. Qxd7 Rb8 40. Qxf5 1-0


[Site "https://www.chess.com"]

[Event "Titled Tuesday Blitz November 29 Late 2022"]
[White "Toniutti, Ezio"]
[Black "Pein, Jonathan"]
[WhiteFideId "113034"]
[BlackFideId "417092"]
[WhiteElo "2215"]
[BlackElo "2227"]
[Result "1-0"]
[Round "06"]
[TimeControl "180+1"]
[Date "2022.11.30"]
[WhiteClock "0:02:01"]
[BlackClock "0:00:13"]

1. d4 e6 2. c4 Bb4+ 3. Bd2 Bxd2+ 4. Qxd2 Nf6 5. Nc3 d6 6. e4 Nc6 7. d5 exd5 8. exd5 Ne5 9. O-O-O O-O 10. h3 b5 11. cxb5 a6 12. f4 Ned7 13. Nf3 axb5 14. Bxb5 Nc5 15. Rhe1 Bf5 16. Nd4 Qc8 17. g4 Be4 18. g5 Nxd5 19. Nxe4 Rxa2 20. Nxc5 dxc5 21. Nc6 Ra1+ 22. Kc2 Rxd1 23. Rxd1 Nb4+ 24. Qxb4 cxb4 25. Ne7+ Kh8 26. Nxc8 Rxc8 1-0


[Site "https://www.chess.com"]

[Event "Titled Tuesday Blitz November 29 Late 2022"]
[White "Urazayev, Arystanbek"]
[Black "Souleidis, Georgios"]
[WhiteFideId "13709810"]
[BlackFideId "4206827"]
[WhiteElo "2441"]
[BlackElo "2401"]
[Result "1-0"]
[Round "06"]
[TimeControl "180+1"]
[Date "2022.11.30"]
[WhiteClock "0:00:52"]
[BlackClock "0:00:14"]

1. c4 e5 2. Nc3 Nf6 3. Nf3 e4 4. Ng5 c6 5. Qa4 Qe7 6. Qc2 b5 7. Ngxe4 Nxe4 8. Nxe4 bxc4 9. b3 d5 10. Ng3 cxb3 11. axb3 h5 12. Bb2 h4 13. Nf5 Qg5 14. Nd4 Bd7 15. e3 h3 16. g3 Bb4 17. Ba3 Bxa3 18. Rxa3 O-O 19. b4 Qe7 20. Qc5 Qe4 21. f3 Qb1+ 22. Kf2 Qb2 23. Qc3 Qxc3 24. dxc3 Rc8 25. Nb3 Bf5 26. g4 Bc2 27. Nc5 Rc7 28. Bxh3 Nd7 29. Na6 Rb7 30. g5 Nb6 31. Nc5 Rc7 32. Rc1 Bg6 33. Bf1 Bf5 34. c4 Nd7 35. Na6 Rb7 36. cxd5 cxd5 37. Rc7 Rb6 38. Kg3 Be6 39. Nc5 Nxc5 40. bxc5 Rb1 41. Bd3 Rc1 42. Raxa7 Rxa7 43. Rxa7 Rxc5 44. g6 fxg6 45. Bxg6 Kf8 46. Kf4 Rc6 47. h4 Rc4+ 48. Ke5 Bc8 49. Rf7+ Kg8 50. Re7 1-0


[Site "https://www.chess.com"]

[Event "Titled Tuesday Blitz November 29 Late 2022"]
[White "Wieczorek, Oskar"]
[Black "Korobov, Anton"]
[WhiteFideId "1133950"]
[BlackFideId "14105730"]
[WhiteElo "2404"]
[BlackElo "2635"]
[Result "0-1"]
[Round "06"]
[TimeControl "180+1"]
[Date "2022.11.30"]
[WhiteClock "0:00:01"]
[BlackClock "0:01:38"]

1. e4 c5 2. Nf3 d6 3. d4 cxd4 4. Nxd4 Nf6 5. Nc3 a6 6. Be2 e6 7. f4 Be7 8. O-O Qc7 9. a4 O-O 10. Kh1 Nc6 11. Be3 Bd7 12. Nb3 b6 13. Bf3 Bc8 14. g4 Nd7 15. g5 Bb7 16. Bg2 Rfe8 17. Qe2 Nc5 18. Rf3 g6 19. Rh3 Nb4 20. Rf1 d5 21. Bd4 Nxe4 22. Nxe4 dxe4 23. Qf2 h5 24. gxh6 Kh7 25. Rc3 Qd7 26. Bxb6 Nd5 27. Rd1 Qxa4 28. Ra1 Qb5 0-1


[Site "https://www.chess.com"]

[Event "Titled Tuesday Blitz November 29 Late 2022"]
[White "Wieczorek, Zbigniew"]
[Black "Przybylski, Wojciech"]
[WhiteFideId "1102001"]
[BlackFideId "1117599"]
[WhiteElo "2315"]
[BlackElo "2221"]
[Result "0-1"]
[Round "06"]
[TimeControl "180+1"]
[Date "2022.11.30"]
[WhiteClock "0:00:06"]
[BlackClock "0:00:08"]

1. Nf3 d5 2. g3 Nf6 3. Bg2 Nbd7 4. d4 g6 5. O-O Bg7 6. c4 e6 7. Nc3 O-O 8. cxd5 exd5 9. Ne5 c6 10. f4 Re8 11. Kh1 Nf8 12. Be3 Bf5 13. Bg1 h5 14. h3 Qc8 15. Kh2 a5 16. Rc1 Qe6 17. Na4 N8d7 18. Qb3 b5 19. Nc5 Nxc5 20. Rxc5 Ra6 21. Rfc1 Rc8 22. Bxd5 Nxd5 23. Qf3 f6 24. e4 fxe5 25. exd5 e4 26. Qe2 Qd6 27. dxc6 Raxc6 28. Qxb5 Rxc5 29. Rxc5 Rxc5 30. Qxc5 Qxc5 31. dxc5 Bxb2 32. c6 Bc1 33. Bd4 e3 34. Kg2 Be4+ 35. Kf1 Bxc6 36. Ke2 Bb5+ 37. Kf3 e2 38. Kf2 Bd2 39. Bb6 e1=Q+ 0-1


[Site "https://www.chess.com"]

[Event "Titled Tuesday Blitz November 29 Late 2022"]
[White "Winkels, Marcel"]
[Black "Rian, Kapriaga"]
[WhiteFideId "1003887"]
[BlackFideId "7103263"]
[WhiteElo "1900"]
[BlackElo "2315"]
[Result "0-1"]
[Round "06"]
[TimeControl "180+1"]
[Date "2022.11.30"]
[WhiteClock "0:00:13"]
[BlackClock "0:01:47"]

1. e4 c6 2. d4 d5 3. e5 c5 4. Bb5+ Bd7 5. Bxd7+ Qxd7 6. c3 cxd4 7. cxd4 Nc6 8. Nf3 e6 9. O-O Nge7 10. h4 Nf5 11. Be3 h5 12. Nc3 Be7 13. a3 Nxh4 14. Nxh4 Bxh4 15. f4 g6 16. Nb5 Be7 17. Rc1 a6 18. Nc3 Rc8 19. Qb3 b5 20. Ne2 Kf8 21. Rce1 Kg7 22. Nc1 Na5 23. Qd1 Qc6 24. Nd3 Qc2 25. Re2 Qxd1 26. Rxd1 Nb3 27. Rf1 Rc4 28. g4 hxg4 29. Rg2 Nxd4 30. Bxd4 Rxd4 31. Ne1 Bc5 32. Rg3 Rd2+ 0-1


[Site "https://www.chess.com"]